 Dungeon Crawl Stone Soup version 0.30-a0-1123-gabc949cf19 (webtiles) character file.

Game seed: 10649126622147968445

987 Orangeyouglad the Chiller (level 8, -2/58 HPs)
             Began as a Human Ice Elementalist on Apr 22, 2023.
             Was an Initiate of Elyvilon.
             Killed from afar by Ijyb (4 damage)
             ... with a bolt of light
             ... on level 4 of the Dungeon.
             The game lasted 00:13:07 (4445 turns).

Orangeyouglad the Chiller (Human Ice Elementalist)  Turns: 4445, Time: 00:13:08

Health: -2/58      AC:  4    Str:  9    XL:     8   Next: 41%
Magic:  11/13      EV: 13    Int: 18    God:    Elyvilon [......]
Gold:   162        SH:  0    Dex: 13    Spells: 3/14 levels left

rFire   + . .        r - +6 shillelagh "Devastator" {shatter}
rCold   . . .        (no shield)
rNeg    . . .        i - +0 leather armour
rPois   .            (no helmet)
rElec   .            (no cloak)
rCorr   .            (no gloves)
SInv    +            A - +0 pair of boots
Will    .....        k - amulet of regeneration
Stlth   +            m - ring of see invisible
HPRegen 1.09/turn    n - ring of protection from fire
MPRegen 0.13/turn

%: no passive effects
@: confused
A: no striking features
a: Renounce Religion


You were on level 4 of the Dungeon.
You worshipped Elyvilon.
Elyvilon was noncommittal.
You visited 1 branch of the dungeon, and saw 4 of its levels.
You also visited: Sewer.

You collected 162 gold pieces.

Inventory:

Hand Weapons
 p - a +0 rapier
 r - the +6 shillelagh "Devastator" (weapon) {shatter}
   (You found it on level 2 of the Dungeon)
 C - a +1 dagger of electrocution
Missiles
 b - a curare-tipped dart
 v - 2 javelins
 y - 22 poisoned darts
Armour
 a - a +0 robe
 i - a +0 leather armour (worn)
 A - a +0 pair of boots (worn)
Magical Staves
 c - a staff of fire
Jewellery
 k - an amulet of regeneration (around neck)
 m - a ring of see invisible (left hand)
 n - a ring of protection from fire (right hand)
 G - a +6 ring of dexterity
Wands
 z - a wand of polymorph (7)
Scrolls
 d - 2 scrolls of brand weapon {unknown}
 f - 2 scrolls of noise {unknown}
 g - a scroll of butterflies {unknown}
 h - 3 scrolls of fear
 l - a scroll of acquirement {unknown}
 q - 2 scrolls of vulnerability {unknown}
 t - a scroll of poison {unknown}
 w - 4 scrolls of teleportation
 E - a scroll of fog {unknown}
 F - 3 scrolls of identify {unknown}
 H - a scroll of amnesia {unknown}
Potions
 e - a potion of mutation {unknown}
 j - a potion of brilliance {unknown}
 o - 2 potions of cancellation {unknown}
 s - 2 potions of heal wounds {unknown}
 u - a potion of degeneration {unknown}
 x - 2 potions of lignification {unknown}
 B - a potion of might {unknown}
 D - 2 potions of magic


   Skills:
 + Level 3.2 Fighting
 + Level 3.4 Maces & Flails
 + Level 5.0 Dodging
 - Level 3.0 Stealth
 + Level 3.5 Spellcasting
 + Level 5.9 Ice Magic
 - Level 1.0 Invocations


You had 3 spell levels left.
You knew the following spells:

 Your Spells              Type           Power      Damage    Failure   Level
a - Freeze                Ice            96%        1d10      1%          1
b - Frozen Ramparts       Ice            48%        1d8       5%          3
c - Ozocubu's Armour      Ice            24%        N/A       5%          3
d - Summon Ice Beast      Ice/Summ       13%        N/A       54%         4

Your spell library contained the following spells:

 Spells                   Type           Power      Damage    Failure   Level
 Dazzling Flash           Conj/Hex       6%         N/A       54%         3
 Agony                    Necr           3%         N/A       99%         5
 Silence                  Hex/Air        1%         N/A       99%         5


Dungeon Overview and Level Annotations

Branches:
Dungeon (4/15)              Sewer (visited)
 Temple: D:4-7

Altars:
Dithmenos
Elyvilon
Hepliaklqana
Makhleb
Nemelex Xobeh
Trog

Annotations:
D:4 Ijyb


Message History

Ijyb is heavily wounded.
Ijyb screams, "Me kill you!" Ijyb hits you with a +0 dagger.
You closely miss Ijyb.
Ijyb is heavily wounded.
Ijyb hits you with a +0 dagger.
You barely miss Ijyb.
Ijyb is heavily wounded.
Ijyb zaps a wand.
The bolt of light hits you!
* * * LOW HITPOINT WARNING * * *
Ijyb zaps a wand.
The bolt of light hits you!
* * * LOW HITPOINT WARNING * * *
Okay, then.
Okay, then.
Press: ? - help, v - describe, . - travel
Here: Ijyb, wielding a +0 dagger, wearing a +2 leather armour of cold resistance and carrying a wand of light (7) (heavily wounded)
The floor.
Unknown command.
Aiming: Freeze (safe; 1% risk of failure)
Press: ? - help, Q - select action, (/) - cycle Shift-Dir - straight line, f - Ijyb
Aim: Ijyb, wielding a +0 dagger, wearing a +2 leather armour of cold resistance and carrying a wand of light (7) (heavily wounded)
You freeze Ijyb.
Ijyb resists.
Ijyb is heavily wounded.
Ijyb hits you with a +0 dagger.
* * * LOW HITPOINT WARNING * * *
Aiming: Freeze (safe; 1% risk of failure)
Press: ? - help, Q - select action, (/) - cycle Shift-Dir - straight line, f/p - Ijyb
Aim: Ijyb, wielding a +0 dagger, wearing a +2 leather armour of cold resistance and carrying a wand of light (7) (heavily wounded)
You freeze Ijyb.
Ijyb resists.
Ijyb is severely wounded.
Ijyb hits you with a +0 dagger.
* * * LOW HITPOINT WARNING * * *
Okay, then.
Okay, then.
Okay, then.
You closely miss Ijyb.
Ijyb is severely wounded.
Ijyb zaps a wand.
The bolt of light hits you.
You are confused.
You die...

############### #######
......g@......# #...... ####
#############.####.##### ...
..... #..........#.#....
#..##....# #.##...#.#.....###
#...#.... .....###.###.#....
#.....#####...####...##.......
#..<........####......#....###
........#########........##......
#.####.## ###.)...........#......


You could see Ijyb.

Vanquished Creatures
  Menkaure (D:4)
  2 ogres (D:4)
  5 kobold brigands (Sewer)
  3 scorpions (D:4)
  A gnoll (D:1)
  8 adders
  3 river rats (Sewer)
  3 worms (Sewer)
  A dart slug (D:2)
  4 orcs
  8 endoplasms
  3 giant cockroaches
  4 goblins
  7 hobgoblins
  2 quokkas
  11 ball pythons
  7 bats
  2 frilled lizards
  8 kobolds
  11 rats
94 creatures vanquished.

Notes
Turn   | Place    | Note
-------+----------+-------------------------------------------
     0 | D:1      | Orangeyouglad the Human Ice Elementalist began the quest
                  | for the Orb.
     0 | D:1      | Reached XP level 1. HP: 13/13 MP: 3/3
   136 | D:1      | Reached XP level 2. HP: 4/19 MP: 0/5
   553 | D:1      | Reached XP level 3. HP: 22/24 MP: 3/6
   563 | D:1      | Learned a level 3 spell: Frozen Ramparts
  1376 | D:2      | Reached XP level 4. HP: 30/30 MP: 2/7
  1756 | D:2      | Found the +6 shillelagh "Devastator" {shatter}
  1762 | D:2      | Learned a level 3 spell: Ozocubu's Armour
  2188 | D:3      | Found a hazy altar of Hepliaklqana.
  2194 | D:3      | Found a shadowy altar of Dithmenos.
  2194 | D:3      | Found a bloodstained altar of Trog.
  2194 | D:3      | Found a white marble altar of Elyvilon.
  2196 | D:3      | Found a burning altar of Makhleb.
  2290 | D:3      | Found a glowing drain.
  2296 | D:3      | Reached XP level 5. HP: 35/35 MP: 6/9
  2303 | Sewer    | Entered a sewer
  2379 | Sewer    | Noticed a kobold brigand
  2393 | Sewer    | Killed a kobold brigand
  2394 | Sewer    | Reached skill level 1 in Maces & Flails
  2554 | Sewer    | Reached XP level 6. HP: 33/41 MP: 0/10
  2850 | Sewer    | Reached skill level 1 in Fighting
  2850 | Sewer    | Reached skill level 5 in Ice Magic
  3207 | Sewer    | Reached XP level 7. HP: 23/48 MP: 4/11
  3785 | D:3      | Found a sparkling altar of Nemelex Xobeh.
  3813 | D:3      | Became a worshipper of Elyvilon the Healer
  3924 | D:3      | Learned a level 4 spell: Summon Ice Beast
  3926 | D:4      | Noticed Menkaure
  4050 | D:4      | Reached skill level 1 in Invocations
  4201 | D:4      | Reached XP level 8. HP: 57/57 MP: 5/12
  4424 | D:4      | Killed Menkaure
  4425 | D:4      | Reached skill level 5 in Dodging
  4430 | D:4      | Noticed Ijyb
  4442 | D:4      | HP: 2/58 [Ijyb/bolt of light (13)]
  4445 | D:4      | Killed from afar by Ijyb

Illustrated notes

Levels and vault maps discovered:
D:1:      psy_arrival_basics, layout_loops_ring
D:2:      wander_river, layout_loops_cross, solitary_fountain,
          minmay_door_square
D:3:      layout_rooms, minitemple, portal_sewer_entry_d,
          kennysheep_flooded_box, kennysheep_generic_room_11
D:4:      minmay_skewed_foursquare, layout_basic, uniq_ijyb, uniq_grinder,
          uniq_menkaure, uniq_crazy_yiuf_cottage

Skill      XL: |  1  2  3  4  5  6  7  8 |
---------------+-------------------------+-----
Stealth        | 3 |  3.0
Dodging        | 3 4 5 |  5.0
Maces & Flails | 1 2 3 |  3.4
Spellcasting   | 3 |  3.5
Fighting       | 1 2 3 |  3.2
Ice Magic      | 5 |  5.9
Invocations    | 1 |  1.0

Action                     |  1- 3 |  4- 6 |  7- 9 || total
---------------------------+-------+-------+-------++-------
  Melee: Short sword       |    12 |       |       ||    12
         Rapier            |     1 |     4 |       ||     5
         Shillelagh        |       |    55 |    32 ||    87
   Cast: Freeze            |    28 |    12 |     3 ||    43
         Frozen Ramparts   |     4 |    15 |    13 ||    32
         Ozocubu's Armour  |       |     4 |     4 ||     8
    Use: Scroll            |       |     2 |       ||     2
         Potion            |       |     1 |       ||     1
   Stab: Sleeping          |       |     3 |     3 ||     6
 Armour: Robe              |     8 |       |       ||     8
         Leather armour    |     4 |    19 |     8 ||    31
  Dodge: Dodged            |    26 |    49 |    20 ||    95

Table legend: (Time is in decaauts)
 A = Elapsed time spent in this place.
 B = Non-inter-level travel time spent in this place.
 C = Inter-level travel time spent in this place.
 D = Time resting spent in this place.
 E = Time spent auto-exploring this place.
 F = Levels seen in this place.
 G = Mean time per level.
                   A        B        C        D        E       F      G
               +--------+--------+--------+--------+--------+-----+--------+
         Total |   4684 |   4559 |    125 |    389 |   2745 |   5 |  936.8 |
       Dungeon |   3217 |   3092 |    125 |    202 |   1988 |   4 |  804.2 |
         Sewer |   1466 |   1466 |      0 |    187 |    757 |   1 | 1466.0 |
               +--------+--------+--------+--------+--------+-----+--------+

Top non-repeatable levels by time:
   Sewer: 1466 daAuts
     D:1: 1109 daAuts
     D:2: 954 daAuts
     D:3: 642 daAuts
     D:4: 510 daAuts
